 Dungeon Crawl Stone Soup version 0.21.1-1-g345015fe64 (webtiles) character file.

114 Gargoyl the Skirmisher (level 4, -5/38 HPs)
             Began as a Centaur Abyssal Knight on July 3, 2018.
             Was a Believer of Lugonu.
             Killed from afar by patthesweetcat's ghost (7 damage)
             ... with a spray of energy
             ... on level 3 of the Dungeon.
             The game lasted 00:05:18 (2894 turns).

Gargoyl the Skirmisher (Centaur Abyssal Knight)     Turns: 2894, Time: 00:05:19

Health: -5/38      AC: 12    Str: 19    XL:     4   Next: 67%
Magic:  6/6        EV:  9    Int: 13    God:    Lugonu [**....]
Gold:   130        SH:  0    Dex: 15    Spells: 3/3 levels left

rFire    . . .     SeeInvis .   a - +1 hand axe
rCold    + . .     Gourm    .   (no shield)
rNeg     . . .     Faith    .   m - +0 plate armour
rPois    +         Spirit   .   g - +2 helmet
rElec    +         Reflect  .   (no cloak)
rCorr    +         Harm     .   (no gloves)
MR       .....                  (no barding)
Stlth    ..........             (no amulet)
HPRegen  0.12/turn              f - ring "Xidda" {rElec rPois rC+ Int+2}
MPRegen  0.10/turn              b - ring of resist corrosion

@: confused, mighty, agile, very quick
A: large, hooves 3, deformed body, speed 2, tough skin 3
a: Depart the Abyss, Bend Space, Renounce Religion


You were on level 3 of the Dungeon.
You worshipped Lugonu.
Lugonu was pleased with you.
You were hungry.

You visited 1 branch of the dungeon, and saw 3 of its levels.
You visited the Abyss 1 time.

You collected 130 gold pieces.

Inventory:

Hand Weapons
 a - a +1 hand axe (weapon)
Armour
 g - a +2 helmet (worn)
 m - a +0 plate armour (worn)
Jewellery
 b - a ring of resist corrosion (right hand)
 f - the ring "Xidda" (left hand) {rElec rPois rC+ Int+2}
   (You found it on level 2 of the Abyss)

   [ring of protection from cold]

   It affects your intelligence (+2).
   It protects you from cold.
   It insulates you from electricity.
   It protects you from poison.
Wands
 i - a wand of random effects (29)
Scrolls
 e - a scroll of identify
 k - 3 scrolls of blinking
Potions
 d - a potion of flight {unknown}
 j - a potion of might
 l - a potion of agility
Comestibles
 c - 6 rations


   Skills:
 + Level 3.4 Fighting
 + Level 2.7 Axes
 * Level 2.4 Armour
 + Level 1.1 Dodging
 * Level 2.7 Invocations


You had 3 spell levels left.
You didn't know any spells.

Dungeon Overview and Level Annotations

Branches:
Dungeon (3/15)

Altars:
Fedhas
Nemelex Xobeh

Annotations:
D:3 patthesweetcat's ghost, amateur OpCj


Innate Abilities, Weirdness & Mutations

You have hooves in place of feet.
Armour fits poorly on your strangely shaped body.
You cover ground very quickly.
You have extremely tough skin. (AC +3)


Message History

It was a potion of agility.
You feel agile all of a sudden. Patthesweetcat's ghost hits you.
* * * LOW HITPOINT WARNING * * *
It was a potion of might.
You feel very mighty all of a sudden.
Patthesweetcat's ghost shrieks, "You will join me soon!"
Patthesweetcat's ghost hits you but does no damage. x2
You slash patthesweetcat's ghost! You kick patthesweetcat's ghost!
Patthesweetcat's ghost is almost destroyed.
Patthesweetcat's ghost casts a spell at you.
The magic dart hits you!
* * * LOW HITPOINT WARNING * * *
Patthesweetcat's ghost stares at you and mumbles some strange words.
The spray of energy hits you!
* * * LOW HITPOINT WARNING * * *
You are confused.
Patthesweetcat's ghost stares at you and mumbles some strange words.
The spray of energy hits you!
You die...

..................
#....##########...
##.#.# ##..### ###.#
#.....# ##.#
##...#.# #..#
#......# #'# #.##
#[..#.# #.# #.#
#.....# #.# #.#
###@##### ##.##
###.# #....W..#
##...##### ....#
#<#.###.# #........#
#####
#<#.###.###.........
#.#.##..W.W.....##.#
#.#.....###[######.#
#.#####.# #.# #.#
#.#####.# #[# #.#
#.......# #.. ..#


You could see patthesweetcat's ghost.

Vanquished Creatures
  5 adders
  2 worms
  2 dart slugs (D:3)
  2 leopard geckos
  A ball python (D:3)
  6 bats
  3 giant cockroaches
  6 goblins
  4 hobgoblins
  6 jackals (D:1)
  2 quokkas
  4 frilled lizards (D:1)
  8 kobolds
  4 rats (D:2)
55 creatures vanquished.

Notes
Turn   | Place    | Note
-------+----------+-------------------------------------------
     0 | Abyss:1  | Gargoyl the Centaur Abyssal Knight began the quest for the Orb.
     0 | Abyss:1  | Reached XP level 1. HP: 19/19 MP: 2/2
    52 | Abyss:2  | Got a crude lapis lazuli ring
    53 | Abyss:2  | Identified the ring "Xidda" {rElec rPois rC+ Int+2} (You found it on level 2 of the Abyss)
   103 | Abyss:2  | Noticed a large abomination
   104 | D:1      | Escaped the Abyss
   135 | D:1      | Reached * piety under Lugonu
   154 | D:1      | Reached XP level 2. HP: 11/26 MP: 3/3
   920 | D:1      | Reached XP level 3. HP: 31/31 MP: 4/4
  1286 | D:2      | Found a sparkling altar of Nemelex Xobeh.
  1650 | D:2      | Reached ** piety under Lugonu
  1656 | D:2      | Reached skill level 1 in Dodging
  1825 | D:2      | Reached XP level 4. HP: 37/38 MP: 5/5
  1983 | D:2      | Found a blossoming altar of Fedhas.
  2235 | D:3      | Noticed patthesweetcat's ghost (amateur OpCj)
  2886 | D:3      | HP: 1/38 [patthesweetcat's ghost/spray of energy (17)]
  2894 | D:3      | Killed from afar by patthesweetcat's ghost

Skill      XL: |  1  2  3 |
---------------+----------+-----
Axes           | 2 |  2.7
Armour         | 2 |  2.4
Dodging        | 1 |  1.1
Fighting       | |  3.4
Invocations    | |  2.7

Action                   |  1- 3 |  4- 6 || total
-------------------------+-------+-------++-------
Melee: Hand axe          |   120 |    61 ||   181
       Kick              |    11 |    10 ||    21
Invok: Depart the Abyss  |     1 |       ||     1
Evoke: Wand              |       |     2 ||     2
  Use: Scroll            |    10 |     4 ||    14
       Potion            |       |     4 ||     4
  Eat: Chunk             |     2 |     2 ||     4
Armor: Leather armour    |    71 |       ||    71
       Plate armour      |    34 |    78 ||   112
Dodge: Dodged            |    81 |     7 ||    88
